 Dungeon Crawl Stone Soup version 0.31-a0-986-g5e6e4ef867 (webtiles) character file.

Game seed: 13452563323606997501

431 timneilson the Ruffian (level 6, -7/42 HPs)
             Began as an Octopode Shapeshifter on Nov 12, 2023.
             Mangled by an iguana (11 damage)
             ... on level 4 of the Dungeon.
             The game lasted 00:06:17 (2498 turns).

timneilson the Ruffian (Octopode Shapeshifter)      Turns: 2498, Time: 00:06:18

Health: -7/42      AC: -3    Str: 22    XL:     6   Next: 99%
Magic:  0/8        EV: 13    Int: 12    God:
Gold:   264        SH:  0    Dex: 11    Spells: 8/8 levels left

rFire   . .          .
                       - Unarmed
rCold   . . .        (no shield)
rNeg    . . .        (helmet currently unavailable)
rPois   +            d - amulet of guardian spirit
rElec   .            f - ring of poison resistance
rCorr   .            g - +6 ring of strength
SInv    .            (no ring)
Will    +....        (no ring)
Stlth   +++          (no ring)
HPRegen 0.27/turn    (no ring)
MPRegen 0.11/turn    (no ring)
                     (no ring)

%: guardian spirit
@: brilliant, beast-form, corroded, enlightened, flying
A: beast (slay +2), almost no armour, amphibious, 8 rings, camouflage 1,
gelatinous body 1, (nimble swimmer 1), tentacles
a: Begin Untransformation


You were on level 4 of the Dungeon.
You were a hulking beast.
You visited 1 branch of the dungeon, and saw 4 of its levels.

You collected 264 gold pieces.

Inventory:

Jewellery
 d - an amulet of guardian spirit (around mantle)
 f - a ring of poison resistance (left tentacle)
 g - a +6 ring of strength (right tentacle)
Talismans
 b - a beast talisman
 c - a flux talisman
Wands
 i - a wand of acid (7)
 m - a wand of flame (9)
Scrolls
 j - a scroll of amnesia
Potions
 a - 2 potions of lignification
 k - a potion of mutation {unknown}
 l - a potion of heal wounds {unknown}


   Skills:
 * Level 3.0 Fighting
 * Level 3.5 Dodging
 + Level 2.9 Stealth
 * Level 4.1 Unarmed Combat
 + Level 1.5 Spellcasting
 + Level 1.3 Evocations
 * Level 4.1 Shapeshifting


You had 8 spell levels left.
You didn't know any spells.
Your spell library contained the following spells:

 Spells                   Type           Power      Damage    Failure   Level
 Shock                    Conj/Air       4%         1d3       28%         1
 Poisonous Vapours        Pois/Air       2%         N/A       41%         2
 Inner Flame              Hex/Fire       1%         N/A       65%         3
 Mephitic Cloud           Conj/Pois/Air  1%         N/A       65%         3
 Swiftness                Air            1%         N/A       65%         3
 Airstrike                Air            0%         2d(1-17)  96%         4
 Flame Wave               Conj/Fire      1%         2d4       96%         4
 Sticky Flame             Conj/Fire      1%         2d3       96%         4
 Freezing Cloud           Conj/Ice/Air   0%         6-21      100%        5


Dungeon Overview and Level Annotations

Branches:
Dungeon (4/15)
 Temple: D:4-7

Altars:
Elyvilon
Nemelex Xobeh

Annotations:
D:3 1 runed translucent door, Crazy Yiuf


Innate Abilities, Weirdness & Mutations

You are a hulking beast.
Your limbs bulge with bestial killing power. (Slay +2)
You cannot wear most types of armour.
You are amphibious.
You can wear up to eight rings at the same time.
Your skin changes colour to match your surroundings (Stealth+).
Your rubbery body absorbs attacks. (AC +1, EV +1)
((You are camouflaged when in or above water. (Stealth+)))
You have tentacles for arms and can constrict up to eight enemies at once.


Message History

The iguana hisses angrily.
You tentacle-slap the sleepcap. You squeeze the sleepcap!
You destroy the sleepcap!
A jelly comes into view.
Found a thin glowing staff.
The orc misses you.
You barely miss the orc.
The jelly quivers.
You grab the orc. You squeeze the orc.
The orc is severely wounded.
You constrict the orc. The orc barely misses you.
You bludgeon the orc!
You kill the orc!
You tentacle-slap the iguana but do no damage.
Your grab misses the iguana. The iguana bites you!
A hobgoblin comes into view.
You completely miss the jelly. The iguana bites you! The jelly hits you.
The acid corrodes you!
You are splashed with acid.
The hobgoblin shouts!
You tentacle-slap the jelly but do no damage.
Your tentacles burn!
You squeeze the jelly.
The jelly is moderately wounded.
The iguana bites you. The jelly hits you.
* * * LOW HITPOINT WARNING * * *
You are splashed with acid!
* * * LOW HITPOINT WARNING * * *
This is a scroll of acquirement!
Something appears before you! The iguana completely misses you.
The hobgoblin throws a stone.
The stone misses you.
The stone hits the jelly.
The jelly barely misses you. The iguana attacks as it pursues you!
The iguana closely misses you.
It was a potion of enlightenment.
You feel very buoyant.
You fly up into the air.
The hobgoblin throws a stone.
The stone completely misses you.
The stone hits the jelly.
The jelly barely misses you. The iguana completely misses you.
It was a potion of brilliance.
You feel clever all of a sudden.
The jelly jiggles.
The jelly closely misses you. The iguana bites you!
You die...

#.... .... ##
......# #....
....##.. #......#
#.... ....'..
#......# #<...
...#.. #......#
#....
#...###......#
#####
#....g......# #
#...........# #
#.lh........# ####
#.J..^......#
##..#
'#.)..........#
#...#
...............#
#...#
#....#'###......#
#...# #....'..
#......# ##..'
#.....#.. #......#
##..#
..#########......#
#...# |.
#...........#
#...#


You could see an iguana, a jelly and a hobgoblin.

Vanquished Creatures
  2 hounds (D:4)
  An orc priest (D:4)
  A gnoll bouda (D:4)
  A jelly (D:2)
  Natasha (D:4)
  3 orc wizards
  A sleepcap (D:4)
  5 gnolls (D:4)
  3 adders
  A worm (D:2)
  A dart slug (D:3)
  7 orcs
  2 bats (D:2)
  7 endoplasms
  4 giant cockroaches
  6 goblins
  10 hobgoblins
  3 jackals (D:1)
  6 kobolds
  A quokka (D:2)
  7 ball pythons
  3 frilled lizards
  6 rats
82 creatures vanquished.

Vanquished Creatures (others)
  A ball python (D:3)
1 creature vanquished.

Grand Total: 83 creatures vanquished

Notes
Turn   | Place    | Note
-------+----------+-------------------------------------------
     0 | D:1      | timneilson the Octopode Shapeshifter began the quest for
                  | the Orb.
     0 | D:1      | Reached XP level 1. HP: 13/13 MP: 1/1
     4 | D:1      | Noticed a felid
     6 | D:1      | Noticed a merfolk
     8 | D:1      | Noticed a formicid
     8 | D:1      | Noticed a vine stalker
    10 | D:1      | Noticed a demigod
    10 | D:1      | Noticed a spriggan
    12 | D:1      | Noticed a demonspawn
    12 | D:1      | Noticed a naga
    14 | D:1      | Noticed a draconian
    16 | D:1      | Noticed a minotaur
    16 | D:1      | Noticed a human
    18 | D:1      | Noticed an armataur
    18 | D:1      | Noticed an elf
    20 | D:1      | Noticed a meteoran
    20 | D:1      | Noticed a gargoyle
    22 | D:1      | Noticed an ogre
    22 | D:1      | Noticed a troll
    24 | D:1      | Noticed a ghoul
    24 | D:1      | Noticed an octopode
    26 | D:1      | Noticed a tengu
    26 | D:1      | Noticed a merfolk
    28 | D:1      | Noticed an armataur
    81 | D:1      | Reached XP level 2. HP: 18/18 MP: 2/2
   212 | D:1      | Found a faded altar of an unknown god.
   514 | D:2      | Reached XP level 3. HP: 7/23 MP: 0/3
   593 | D:2      | Identified the +11 dagger of Olul {drain, Int+4}
   626 | D:2      | Reached skill level 1 in Stealth
   910 | D:2      | Reached XP level 4. HP: 21/29 MP: 1/5
  1232 | D:3      | Found a sparkling altar of Nemelex Xobeh.
  1306 | D:3      | Reached XP level 5. HP: 30/34 MP: 4/6
  1512 | D:3      | Found a white marble altar of Elyvilon.
  1545 | D:3      | Found a runed translucent door.
  1546 | D:3      | Noticed Crazy Yiuf
  1737 | D:4      | Noticed Natasha
  1744 | D:4      | Killed Natasha
  1745 | D:4      | Reached skill level 1 in Spellcasting
  1955 | D:4      | Reached XP level 6. HP: 38/41 MP: 7/7
  1976 | D:4      | Reached skill level 1 in Evocations
  2495 | D:4      | Identified a scroll of acquirement
  2495 | D:4      | Acquired 1192 gold pieces
  2498 | D:4      | Mangled by an iguana

Illustrated notes

Levels and vault maps discovered:
D:1:      kb_arrival_jail, layout_rooms, hellmonk_ecumenical_altar_heavens_door
D:2:      layout_loops_ring
D:3:      layout_rooms, amcnicky_altar_gilded, elyvilon_altar_4,
          dreamdust_mushroom_princess, minmay_misc_feat_tiny,
          uniq_crazy_yiuf_cottage
D:4:      layout_gridville, chequers_jeans, minmay_joined_circles, uniq_natasha

Skill      XL: |  1  2  3  4  5  6 |
---------------+-------------------+-----
Stealth        | 1 2 |  2.9
Fighting       | 2 3 |  3.0
Spellcasting   | 1 |  1.5
Dodging        | 3 |  3.5
Evocations     | 1 |  1.3
Unarmed Combat | 4 |  4.1
Shapeshifting  | 4 |  4.1

Action                     |  1- 3 |  4- 6 || total
---------------------------+-------+-------++-------
  Melee: Unarmed           |    72 |    95 ||   167
         Constrict         |    16 |    30 ||    46
         Tentacles         |    14 |    25 ||    39
         Punch             |     1 |     1 ||     2
    Use: Scroll            |     2 |     4 ||     6
         Potion            |       |     2 ||     2
   Stab: Sleeping          |     6 |     6 ||    12
 Armour: Skin              |    16 |    35 ||    51
  Dodge: Dodged            |    43 |    61 ||   104

Table legend: (Time is in decaauts)
 A = Elapsed time spent in this place.
 B = Non-inter-level travel time spent in this place.
 C = Inter-level travel time spent in this place.
 D = Time resting spent in this place.
 E = Time spent auto-exploring this place.
 F = Levels seen in this place.
 G = Mean time per level.
                   A        B        C        D        E       F      G
               +--------+--------+--------+--------+--------+-----+--------+
         Total |   2485 |   2452 |     33 |    178 |   1577 |   4 |  621.2 |
       Dungeon |   2485 |   2452 |     33 |    178 |   1577 |   4 |  621.2 |
               +--------+--------+--------+--------+--------+-----+--------+

Top non-repeatable levels by time:
     D:4: 789 daAuts
     D:2: 775 daAuts
     D:3: 469 daAuts
     D:1: 451 daAuts
